 Dungeon Crawl Stone Soup version 0.19-b1-4-gd8a0a2a (webtiles) character file.

32 tv1990 the Chopper (level 3, -13/29 HPs)
             Began as a Formicid Monk on Oct 30, 2016.
             Mangled by Kullungy's ghost (17 damage)
             ... on level 4 of the Dungeon.
             The game lasted 00:01:39 (545 turns).

tv1990 the Chopper (Formicid Monk)                   Turns: 545, Time: 00:01:41

Health: -13/29     AC:  5    Str: 15    XL:     3   Next: 45%
Magic:  2/3        EV: 11    Int:  9    God:
Gold:   33         SH:  0    Dex: 14    Spells: 0 memorised, 2 levels left

rFire  . . .     SeeInvis +     a - +0 hand axe
rCold  . . .     Gourm    .     j - +0 ring mail
rNeg   . . .     Faith    .     (no shield)
rPois  .         Spirit   .     (helmet unavailable)
rElec  .         Reflect  .     (no cloak)
rCorr  .         Harm     .     (no gloves)
MR     .....                    (no boots)
Stlth  +.........               (no amulet)
                                (no ring)
                                (no ring)

@: lethally poisoned (-13 -> -27)
A: permanent stasis, dig shafts and tunnels, four strong arms, antennae 3
a: Dig, Shaft Self


You were on level 4 of the Dungeon.
You were not hungry.

You visited 1 branch of the dungeon, and saw 3 of its levels.

You collected 33 gold pieces.

Inventory:

Hand Weapons
 a - a +0 hand axe (weapon)
Armour
 b - a +0 robe
 i - a +0 leather armour
 j - a +0 ring mail (worn)
Scrolls
 e - a scroll of random uselessness {unknown}
 g - a scroll of magic mapping {unknown}
 l - a scroll of identify {unknown}
 m - a scroll of remove curse {unknown}
Comestibles
 c - a bread ration


   Skills:
 + Level 3.5 Fighting
 * Level 3.6 Axes
 + Level 1.6 Armour
 - Level 2.6 Dodging
 - Level 2.4 Stealth


You had 2 spell levels left.
You didn't know any spells.

Dungeon Overview and Level Annotations

Branches:
Dungeon (1/15)

Altars:

Annotations:
D:4 Kullungy's ghost, amateur DsCK


Innate Abilities, Weirdness & Mutations

You are under a permanent stasis effect.
You can dig through walls and to a lower floor.
Your four strong arms can wield two-handed weapons with a shield.
You have a pair of large antennae on your head. (SInv)


Message History

Kullungy's ghost hits you but does no damage.
Space bends around you.
You hit Kullungy's ghost but do no damage.
Kullungy's ghost is moderately damaged.
You feel sick. Kullungy's ghost hits you.
* * * LOW HITPOINT WARNING * * *
You feel your power leaking away.
You hit Kullungy's ghost.
Kullungy's ghost is moderately damaged.
Kullungy's ghost hits you.
* * * LOW HITPOINT WARNING * * *
You are lethally poisoned!
You hit Kullungy's ghost.
Kullungy's ghost is moderately damaged.
* * * LOW HITPOINT WARNING * * *
You feel sick. Kullungy's ghost hits you.
* * * LOW HITPOINT WARNING * * *
You are electrocuted!
Ouch! That really hurt!
You die...

#...o....# {
.....o...#
..........
.......##.#
......##.# ###
#o{..o#.###@#
#..{..#.##W##
#.....#.###{#
#.#.....#.###{#
#.......#.##{##
##..........##
#..##.#....#
##. #.#.{..# ..
..#....#


You could see Kullungy's ghost.

Vanquished Creatures
  Natasha (D:4)
  2 goblins (D:1)
  2 hobgoblins (D:1)
  2 bats (D:1)
  A frilled lizard (D:1)
8 creatures vanquished.

Notes
Turn   | Place    | Note
-------+----------+-------------------------------------------
     0 | D:1      | tv1990 the Formicid Monk began the quest for the Orb.
     0 | D:1      | Reached XP level 1. HP: 18/18 MP: 1/1
   155 | D:1      | Reached skill level 1 in Armour
   155 | D:1      | Reached XP level 2. HP: 24/24 MP: 2/2
   192 | D:1      | You fall through a shaft!
   197 | D:2      | You fall through a shaft for 2 floors!
   197 | D:4      | Noticed Natasha
   221 | D:4      | Killed Natasha
   221 | D:4      | Reached XP level 3. HP: 2/29 MP: 3/3
   529 | D:4      | Noticed Kullungy's ghost (amateur DsCK)
   545 | D:4      | Mangled by Kullungy's ghost

Skill      XL: |  1 |
---------------+----+-----
Armour         | 1 |  1.6
Fighting       | |  3.5
Axes           | |  3.6
Dodging        | |  2.6
Stealth        | |  2.4

Action                   || total
-------------------------++-------
Melee: Hand axe          ||    43
 Abil: Dig               ||     1
  Use: Potion            ||     3
 Stab: Sleeping          ||     1
Armor: Ring mail         ||    12
Dodge: Dodged            ||    27

Table legend:
 A = Turns spent in this place as a percentage of turns spent in the entire game.
 B = Non-inter-level travel turns spent in this place as a percentage of non-inter-level travel turns spent in the entire game.
 C = Inter-level travel turns spent in this place as a percentage of turns spent in this place.
 D = Turns resting spent in this place as a percentage of non-inter-level travel turns spent in this place.
 E = Turns spent auto-exploring this place as a percentage of non-inter-level travel turns spent in this place.
 F = Non-inter-level travel turns spent in this place divided by the number of levels of this place that you've seen.
                   A       B       C       D       E      F
               +-------+-------+-------+-------+-------+----------------------
         Total | 100.0 | 100.0 |   0.0 |   4.0 |  15.4 |  49.7
       Dungeon | 100.0 | 100.0 |   0.0 |   4.0 |  15.4 |  49.7
               +-------+-------+-------+-------+-------+----------------------

Table legend:
 A = Kills in this place as a percentage of kills in entire the game.
 B = Kills by you in this place as a percentage of kills by you in the entire game.
 C = Kills by friends in this place as a percentage of kills by friends in the entire game.
 D = Other kills in this place as a percentage of other kills in the entire game.
 E = Experience gained in this place as a percentage of experience gained in the entire game.
 F = Experience gained in this place divided by the number of levels of this place that you have seen.
                   A       B       C       D       E      F
               +-------+-------+-------+-------+-------+----------------------
         Total | 100.0 | 100.0 |  -nan |  -nan | 100.0 |  15.7
       Dungeon | 100.0 | 100.0 |  -nan |  -nan | 100.0 |  15.7
               +-------+-------+-------+-------+-------+----------------------

Vault maps used:
D:1:      dpeg_arrival_rooms_b
D:2:      lemuel_round_altar, serial_forest, infiniplex_forest_clump_diagonal,
          infiniplex_forest_end_1, infiniplex_forest_lined_corner,
          infiniplex_forest_lined_3_way, infiniplex_forest_lined_3_way,
          infiniplex_forest_lined_ring, uniq_terence
D:4:      first_bread, serial_shops, nicolae_shop_waterfront, uniq_natasha,
          uniq_robin
